 Dungeon Crawl Stone Soup version 0.30-a0-1160-g6e42c06551 (webtiles) character file.

Game seed: 17634043187901321962

123 jasper the Gusty (level 5, 0/28 HPs)
             Began as a Tengu Air Elementalist on Apr 25, 2023.
             Constricted to death by Ijyb (7 damage)
             ... on level 3 of the Dungeon.
             The game lasted 00:03:19 (2213 turns).

jasper the Gusty (Tengu Air Elementalist)           Turns: 2213, Time: 00:03:20

Health: 0/28       AC:  7    Str:  8    XL:     5   Next: 7%
Magic:  7/10       EV: 11    Int: 17    God:
Gold:   128        SH:  0    Dex: 15    Spells: 4/10 levels left

rFire   . . .        n - +0 quarterstaff
rCold   . . .        (shield currently unavailable)
rNeg    . . .        a - +0 robe
rPois   .            (helmet restricted)
rElec   .            (no cloak)
rCorr   .            r - +0 pair of gloves
SInv    .            (boots unavailable)
Will    .....        i - amulet of magic regeneration
Stlth   ++           e - +4 ring of protection
HPRegen 0.24/turn    (no ring)
MPRegen 0.52/turn

%: no passive effects
@: grasped by roots, flying quickly and evasively, constricted, quick
A: beak, talons 3, nimble flight
a: no special abilities


You were on level 3 of the Dungeon.
You visited 1 branch of the dungeon, and saw 4 of its levels.

You collected 128 gold pieces.

Inventory:

Hand Weapons
 f - a +0 short sword
 k - a +1 sling of freezing
 m - a +0 dagger of venom
 n - a +0 quarterstaff (weapon)
Armour
 a - a +0 robe (worn)
 l - a +0 buckler
 r - a +0 pair of gloves (worn)
Jewellery
 e - a +4 ring of protection (left hand)
 i - an amulet of magic regeneration (around neck)
Scrolls
 c - a scroll of vulnerability {unknown}
 d - a scroll of poison {unknown}
 h - a scroll of noise {unknown}
 j - 2 scrolls of identify {unknown}
 o - a scroll of teleportation {unknown}
 s - a scroll of immolation {unknown}
Potions
 b - a potion of magic
 g - 6 potions of curing
 p - a potion of mutation {unknown}
 q - a potion of haste {unknown}


   Skills:
 - Level 2.1 Dodging
 - Level 2.0 Stealth
 + Level 3.1 Spellcasting
 + Level 3.6 Conjurations
 + Level 5.4 Air Magic


You had 4 spell levels left.
You knew the following spells:

 Your Spells              Type           Power      Damage    Failure   Level
a - Shock                 Conj/Air       72%        1d7       2%          1
b - Static Discharge      Conj/Air       36%        2-4/arc   4%          2
c - Swiftness             Air            21%        N/A       5%          3

Your spell library contained the following spells:

 Spells                   Type           Power      Damage    Failure   Level
 Airstrike                Air            10%        2d(2-18)  19%         4


Dungeon Overview and Level Annotations

Branches:
Dungeon (4/15)
 Temple: D:4-7

Altars:

Annotations:
D:3 Ijyb
D:4 Dowan, Duvessa, Eustachio


Innate Abilities, Weirdness & Mutations

You have a beak for a mouth.
You have claws for feet.
Your magical nature lets you fly swiftly and evasively.


Message History

Ijyb zaps a wand.
The roots erupt in riotous growth!
The grasping roots grab you!
Ijyb is unaffected.
The grasping roots constrict you! The +3 spectral club hits you.
You hear a shout! x2; You hear an angry hiss.
The roots lose their grip on you.
You fly upwards.
There is a stone staircase leading down here.
You take 10 damage, and have 13/28 hp.
MASSIVE DAMAGE!!
It was a potion of curing.
You feel better.
The +3 spectral club disappears.
Ijyb hits you with a +3 spectral club.
The +3 spectral club completely misses you.
A +3 spectral club comes into view.
You regained 9 hp, and now have 22/28 hp.
Casting: Static Discharge (safe; 4% risk of failure)
Confirm with . or Enter, or press ? or * to list all spells.
Aiming: Shock (safe; 2% risk of failure)
Press: ? - help, Shift-Dir - straight line
Okay, then.
Ijyb zaps a wand.
The roots erupt in riotous growth!
The grasping roots grab you! The grasping roots constrict you.
You take 1 damage, and have 21/28 hp.
Casting: Shock (safe; 2% risk of failure)
Confirm with . or Enter, or press ? or * to list all spells.
Aiming: Shock (safe; 2% risk of failure)
Press: ? - help, Shift-Dir - straight line The zap hits Ijyb.
Ijyb is heavily wounded.
The +3 spectral club disappears.
The grasping roots constrict you.
You take 4 damage, and have 17/28 hp.
You now have 7/10 mp.
Casting: Shock (safe; 2% risk of failure)
Confirm with . or Enter, or press ? or * to list all spells.
Aiming: Shock (safe; 2% risk of failure)
Press: ? - help, Shift-Dir - straight line The zap hits Ijyb.
Ijyb is severely wounded.
Ijyb hits you with a +3 spectral club. The +3 spectral club hits you.
* * * LOW HITPOINT WARNING * * *
The grasping roots constrict you!
You die...

#.........# ####...
#.........####......
#..............###.#
#.......[.#######..#
#.........# ##.##
#.........# #..##
#.........######.###
#..............#.###
#.(@......####......
#.>g......# ###....
##.......## #.#..
##.....## #.#.)
####### ##.#..
##..... ###..#...
#........ #.#####..


You could see a +3 spectral club and Ijyb.

Vanquished Creatures
  An orc wizard (D:3)
  A gnoll (D:2)
  2 adders (D:3)
  A dart slug (D:1)
  8 orcs (D:3)
  8 endoplasms
  3 giant cockroaches
  4 goblins
  5 hobgoblins
  2 jackals (D:1)
  3 quokkas (D:1)
  5 ball pythons
  A bat (D:1)
  3 frilled lizards
  4 kobolds
  7 rats
58 creatures vanquished.

Notes
Turn   | Place    | Note
-------+----------+-------------------------------------------
     0 | D:1      | jasper the Tengu Air Elementalist began the quest for the
                  | Orb.
     0 | D:1      | Reached XP level 1. HP: 10/10 MP: 4/4
    57 | D:1      | Found a faded altar of an unknown god.
   177 | D:1      | Reached XP level 2. HP: 12/15 MP: 0/6
   264 | D:1      | Learned a level 2 spell: Static Discharge
   642 | D:1      | Reached XP level 3. HP: 15/19 MP: 4/7
   646 | D:1      | Learned a level 3 spell: Swiftness
  1639 | D:3      | Reached XP level 4. HP: 24/24 MP: 2/9
  1667 | D:3      | Reached skill level 5 in Air Magic
  1945 | D:3      | Gained mutation: Your magical nature lets you fly swiftly
                  | and evasively. [Tengu growth]
  1945 | D:3      | Reached XP level 5. HP: 20/28 MP: 6/10
  2131 | D:4      | Noticed Duvessa
  2131 | D:4      | Noticed Dowan
  2151 | D:4      | Noticed Eustachio
  2152 | D:4      | Noticed an ogre
  2203 | D:4      | Noticed Ijyb
  2205 | D:4      | Noticed a lemure
  2213 | D:3      | Constricted to death by Ijyb

Illustrated notes

Levels and vault maps discovered:
D:1:      shiori_arrival_maze, layout_basic,
          ebering_ecumenical_altar_sacrificial, chequers_serial_rivers_small_a
D:2:      layout_loops_cross, basic_altar, hangedman_abyss_or_decor_stabs
D:3:      layout_rooms, minmay_cupped
D:4:      layout_rooms, serial_shops, shop, minmay_misc_feat_ornament,
          uniq_ijyb, uniq_pikel, uniq_duvessa, uniq_eustachio

Skill      XL: |  1  2  3  4 |
---------------+-------------+-----
Conjurations   | 2 3 |  3.6
Air Magic      | 5 |  5.4
Spellcasting   | 3 |  3.1
Dodging        | |  2.1
Stealth        | |  2.0

Action                     |  1- 3 |  4- 6 || total
---------------------------+-------+-------++-------
  Melee: Unarmed           |     2 |       ||     2
   Cast: Shock             |    86 |    36 ||   122
         Static Discharge  |     4 |     4 ||     8
    Use: Potion            |       |     1 ||     1
 Armour: Robe              |     5 |     7 ||    12
  Dodge: Dodged            |    12 |     8 ||    20

Table legend: (Time is in decaauts)
 A = Elapsed time spent in this place.
 B = Non-inter-level travel time spent in this place.
 C = Inter-level travel time spent in this place.
 D = Time resting spent in this place.
 E = Time spent auto-exploring this place.
 F = Levels seen in this place.
 G = Mean time per level.
                   A        B        C        D        E       F      G
               +--------+--------+--------+--------+--------+-----+--------+
         Total |   2193 |   2024 |    169 |     17 |   1676 |   4 |  548.2 |
       Dungeon |   2193 |   2024 |    169 |     17 |   1676 |   4 |  548.2 |
               +--------+--------+--------+--------+--------+-----+--------+

Top non-repeatable levels by time:
     D:1: 1064 daAuts
     D:3: 719 daAuts
     D:2: 399 daAuts
     D:4: 10 daAuts
